Map: Acolyte LE

Players

IIIIIIIIII

  • Race: Protoss Protoss
  • League: Master
  • Spawn Location: 1:00

NerfopTerran - Winner!

  • Race: Zerg Zerg
  • League: Master
  • Spawn Location: 7:00

VOD

Have the link to the VOD?

Description

Time

  • Played on: Sept. 3, 2017, 8:02 a.m.
  • Length: 8:10
Show
View Real Time Build Order
Export as new Build Order

IIIIIIIIII Protoss 

Build Orders: 1 Gate Expand 

Get SALT Encoding   

  12  0:01  Probe (Chrono Boost)  
  13  0:11  Probe (Chrono Boost)  
  14  0:20  Pylon  
  14  0:23  Probe (Chrono Boost)  
  15  0:38  Probe (Chrono Boost)  
  15  0:39  Gateway  
  16  0:49  Probe (Chrono Boost)  
  17  0:50  Assimilator  
  17  0:59  Probe (Chrono Boost)  
  18  1:10  Probe (Chrono Boost)  
  19  1:22  Nexus  
  20  1:25  Probe (Chrono Boost)  
  20  1:35  Cybernetics Core  
  20  1:38  Probe (Chrono Boost)  
  21  1:44  Assimilator  
  21  1:50  Pylon  
  21  1:54  Probe (Chrono Boost)  
  22  2:11  Probe (Chrono Boost), Pylon  
  23  2:29  Mothership Core (Chrono Boost), Stalker (Chrono Boost)  
  27  2:32  Warp Gate  
  27  2:33  Probe  
  28  2:43  Probe  
  27  2:50  Probe, Twilight Council  
  29  2:54  Probe  
  29  2:56  Zealot (Chrono Boost)  
  32  3:03  Probe  
  32  3:04  Probe  
  33  3:11  Robotics Facility  
  34  3:15  Probe (Chrono Boost)  
  34  3:17  Probe (Chrono Boost)  
  34  3:18  Charge (Chrono Boost)  
  36  3:26  Probe (Chrono Boost)  
  37  3:36  Probe x2  
  39  3:42  Gateway  
  39  3:43  Gateway  
  39  3:46  Gateway  
  39  3:56  Gateway  
  39  3:57  Gateway  
  39  4:03  Warp Prism (Chrono Boost)  
  39  4:07  Pylon  
  41  4:16  Pylon  
  41  4:19  Pylon  
  41  4:32  Pylon  
  41  4:36  Zealot  
  43  4:42  Warp Prism (Chrono Boost)  
  45  4:56  Zealot  
  47  5:17  Zealot x4  
  47  5:18  Zealot x2  
  59  5:33  Warp Prism  
  61  5:36  Pylon  
  61  5:40  Zealot  
  61  5:41  Zealot x5  
  69  5:58  Gateway  
  69  5:59  Zealot x2, Gateway  
  73  6:08  Zealot  
  73  6:09  Zealot x3  
  63  6:27  Zealot x2  
  63  6:29  Observer  
  60  6:33  Zealot x2  
  60  6:34  Zealot x2  
  60  6:40  Zealot  
  60  6:41  Zealot  
  62  6:53  Zealot x3  
  62  6:54  Zealot  
  70  6:59  Warp Prism  
  72  7:02  Pylon  
  60  7:11  Zealot x4  
  60  7:32  Zealot x4  
  60  7:33  Zealot x3  
  60  7:37  Zealot  
  62  7:51  Zealot  
  62  7:52  Zealot  
  60  7:59  Zealot x3  
  60  8:00  Zealot x3  
Show
View Real Time Build Order
Export as new Build Order

NerfopTerran Zerg - Winner!

Build Orders: Hatch First 

Get SALT Encoding   

  12  0:01  Drone  
  13  0:12  Overlord  
  13  0:17  Drone  
  14  0:30  Drone x2  
  16  0:35  Drone  
  17  0:53  Hatchery  
  17  0:55  Drone  
  17  0:58  Drone  
  18  1:12  Spawning Pool  
  18  1:14  Drone  
  18  1:37  Hatchery  
  18  1:38  Drone  
  18  1:40  Drone  
  18  1:43  Drone  
  20  2:11  Queen x2  
  20  2:14  Zergling x4  
  26  2:18  Overlord  
  26  2:22  Drone  
  27  2:24  Drone  
  28  2:47  Drone x4  
  28  2:50  Queen  
  34  3:02  Queen  
  34  3:03  Drone  
  34  3:04  Drone x5  
  42  3:08  Extractor  
  42  3:09  Extractor  
  40  3:13  Overlord x2  
  40  3:31  Drone  
  40  3:32  Drone x7  
  48  3:43  Roach Warren  
  48  3:44  Evolution Chamber  
  48  3:48  Drone x4  
  47  3:50  Overlord  
  50  4:04  Spore Crawler  
  50  4:07  Spore Crawler, Drone  
  50  4:08  Drone  
  50  4:14  Lair  
  50  4:17  Drone x6  
  50  4:18  Drone x2  
  50  4:21  Overlord  
  58  4:24  Overlord  
  58  4:39  Zerg Missile Weapons Level 1  
  58  4:40  Roach x2  
  58  4:41  Roach x2  
  58  4:43  Drone  
  58  4:44  Drone x4  
  71  4:47  Overlord x2  
  71  4:57  Extractor  
  71  4:58  Extractor  
  71  4:59  Drone x3  
  72  5:01  Drone x2  
  73  5:16  Glial Reconstitution  
  73  5:19  Roach  
  73  5:20  Roach x4  
  83  5:28  Overlord x3  
  83  5:29  Extractor, Drone  
  83  5:30  Drone x2  
  83  5:33  Roach x2  
  86  5:54  Roach  
  86  5:55  Roach x8  
  87  6:12  Roach x6  
  90  6:30  Ravager  
  85  6:47  Drone  
  85  6:48  Drone x8  
  91  7:07  Drone  
  91  7:08  Queen, Drone x2  
  93  7:14  Roach x3  
  101  7:20  Roach, Queen  
  101  7:21  Queen  
  107  7:32  Roach x3  
  113  7:41  Overlord x2  
Tags
 
Add a new tag
Caveats
  • Supply blocks, unpowered buildings, or Contaminate may cause inaccurate times.
  • Supply counts are checked every 10 seconds.